 Dungeon Crawl Stone Soup version 0.26-a0-438-g4b1dca4f87 (webtiles) character file.

Game seed: 8422378827198160037

114 DeltaSign the Chopper (level 4, -2/63 HPs)
             Began as a Minotaur Berserker on July 26, 2020.
             Was a Believer of Trog.
             Slain by a sky beast (6 damage)
             ... on level 3 of the Dungeon.
             The game lasted 00:02:57 (2148 turns).

DeltaSign the Chopper (Minotaur Berserker)          Turns: 2148, Time: 00:02:57

Health: -2/63      AC:  5    Str: 22    XL:     4   Next: 67%
Magic:  3/3        EV: 11    Int:  4    God:    Trog [**....]
Gold:   129        SH:  0    Dex: 10    Spells: 3/3 levels left

rFire    . . .     SeeInvis .   a - +0 hand axe
rCold    . . .     Faith    .   (no shield)
rNeg     . . .     Spirit   .   c - +0 ring mail
rPois    .         Reflect  .   (helmet restricted)
rElec    .         Harm     .   (no cloak)
rCorr    .                      (no gloves)
MR       .....                  (no boots)
Stlth    ..........             (no amulet)
HPRegen  0.20/turn              (no ring)
MPRegen  0.08/turn              (no ring)

@: berserking, very quick
A: retaliatory headbutt, horns 2
a: Berserk, Trog's Hand, Renounce Religion


You were on level 3 of the Dungeon.
You worshipped Trog.
Trog was pleased with you.
You visited 1 branch of the dungeon, and saw 3 of its levels.

You collected 129 gold pieces.

Inventory:

Hand Weapons
 a - a +0 hand axe (weapon)
Armour
 c - a +0 ring mail (worn)
Jewellery
 f - an uncursed ring of resist corrosion {unknown}
 h - a +4 ring of protection {unknown}
 n - an uncursed amulet of the acrobat {unknown}
Scrolls
 b - a scroll of magic mapping
 e - 3 scrolls of identify
 g - a scroll of teleportation {unknown}
 i - a scroll of remove curse {unknown}
 j - a scroll of enchant armour {unknown}
 k - a scroll of immolation {unknown}
 l - a scroll of fog {unknown}
Potions
 d - a potion of invisibility {unknown}
 m - 2 potions of flight {unknown}
 o - a potion of heal wounds {unknown}
 p - a potion of curing {unknown}


   Skills:
 * Level 5.0 Fighting
 * Level 5.0 Axes
 + Level 3.3 Armour
 - Level 2.1 Dodging


You had 3 spell levels left.
You didn't know any spells.
Your spell library was empty.

Dungeon Overview and Level Annotations

Branches:
Dungeon (3/15)

Altars:
Uskayaw


Innate Abilities, Weirdness & Mutations

You reflexively headbutt those who attack you in melee.
You have a pair of horns on your head.


Message History

Trog accepts your kill. The gnoll completely misses you. Something hits you.
Something shocks you.
* * * LOW HITPOINT WARNING * * *
You slash the gnoll!
You kill the gnoll!
Trog accepts your kill.
Your Fighting skill increases to level 5!
You barely miss something. You miss the kobold.
The kobold hits you but does no damage.
The gnoll hits you from afar with a +0 halberd!
* * * LOW HITPOINT WARNING * * *
You slash something! You slash the kobold!
You kill the kobold!
Trog accepts your kill.
A sky beast appears from thin air!
Reactivating autopickup.
The sky beast hits you.
* * * LOW HITPOINT WARNING * * *
The sky beast shocks you.
You die...

############
##..........##
#............## ..
...........>..##..
.................
.......Y)......#
......)@......# ########
.....g).......# #.......
.............## #.......
.#..........## #.......
.......####.# ##.......
######.#....####..######
##...#####...## #...
#....### #.### #.##
#..##...###.# #.##


You could see a sky beast and a gnoll.

Vanquished Creatures
  3 adders
  2 gnolls (D:3)
  A worm (D:2)
  2 dart slugs (D:1)
  7 orcs (D:3)
  8 bats
  5 giant cockroaches
  7 goblins
  3 hobgoblins
  A ball python (D:3)
  5 frilled lizards
  5 kobolds
  5 rats
54 creatures vanquished.

Notes
Turn   | Place    | Note
-------+----------+-------------------------------------------
     0 | D:1      | DeltaSign the Minotaur Berserker began the quest for the
                  | Orb.
     0 | D:1      | Reached XP level 1. HP: 19/19 MP: 0/0
   302 | D:1      | Reached XP level 2. HP: 27/27 MP: 1/1
  1044 | D:2      | Found a hide-covered altar of Uskayaw.
  1057 | D:2      | Reached XP level 3. HP: 33/33 MP: 2/2
  1828 | D:3      | Reached ** piety under Trog
  1832 | D:3      | Reached XP level 4. HP: 39/41 MP: 3/3
  2134 | D:3      | Noticed a sky beast
  2144 | D:3      | Reached skill level 5 in Axes
  2147 | D:3      | Reached skill level 5 in Fighting
  2148 | D:3      | Slain by a sky beast

Illustrated notes

Levels and vault maps discovered:
D:1:      matt_arrival_diagonals, layout_loops_corners, corexii_hall_statues_l
D:2:      layout_basic, lemuel_doored_altar, serial_glass, glass_columns_a,
          glass_columns_a
D:3:      kennysheep_big_flooded_room, layout_rooms

Skill      XL: |  1  2  3  4 |
---------------+-------------+-----
Fighting       | 4 5 |  5.0
Axes           | 4 5 |  5.0
Armour         | 3 |  3.3
Dodging        | |  2.1

Action                   |  1- 3 |  4- 6 || total
-------------------------+-------+-------++-------
Melee: Hand axe          |    80 |    28 ||   108
       Headbutt          |    11 |     3 ||    14
Invok: Berserk           |       |     1 ||     1
  Use: Scroll            |     1 |       ||     1
Armor: Ring mail         |    26 |    12 ||    38
Dodge: Dodged            |    56 |    19 ||    75

Table legend: (Time is in decaauts)
 A = Elapsed time spent in this place.
 B = Non-inter-level travel time spent in this place.
 C = Inter-level travel time spent in this place.
 D = Time resting spent in this place.
 E = Time spent auto-exploring this place.
 F = Levels seen in this place.
 G = Mean time per level.
                   A        B        C        D        E       F      G
               +--------+--------+--------+--------+--------+-----+--------+
         Total |   2156 |   2110 |     46 |      0 |   1846 |   3 |  718.7 |
       Dungeon |   2156 |   2110 |     46 |      0 |   1846 |   3 |  718.7 |
               +--------+--------+--------+--------+--------+-----+--------+

Top non-repeatable levels by time:
     D:1: 908 daAuts
     D:2: 816 daAuts
     D:3: 431 daAuts
